 Dungeon Crawl Stone Soup version 0.14-a0-1413-g94b8a5e (webtiles) character file.

141 4tharraofdagon the Skirmisher (level 3, -1/31 HPs)
             Began as a Centaur Wanderer on Dec 11, 2013.
             Slain by a crimson imp
             ... wielding a +0,+0 whip
              (3 damage)
             ... on Level 4 of the Dungeon.
             The game lasted 00:02:59 (589 turns).

4tharraofdagon the Skirmisher (Centaur Wanderer)     Turns: 589, Time: 00:02:59

HP  -1/31        AC  5     Str 17      XL: 3   Next: 66%
MP   3/3         EV  8     Int  7      God:
Gold 87          SH  0     Dex 10      Spells:  0 memorised,  2 levels left

rFire  . . .     SeeInvis .     e - scroll of curse weapon {unknown}
rCold  . . .     Clarity  .     b - +0 ring mail
rNeg   . . .     Conserve .     (no shield)
rPois  .         rCorr    .     (no helmet)
rElec  .         rRot     .     (no cloak)
SustAb . .       Spirit   .     (no gloves)
rMut   .         Warding  .     (no barding)
Saprov . . .     Stasis   .     (no amulet)
                                (no ring)
                                (no ring)

@: about to teleport, drained, very quick, not resistant to hostile
enchantments, extremely unstealthy
A: hooves 3, deformed body, herbivore 1, speed 2, fast metabolism 1, tough skin
3
a: no special abilities


You were on level 4 of the Dungeon.
You were not hungry.

You visited 1 branch of the dungeon, and saw 4 of its levels.
You also visited: Ossuary.

You collected 87 gold pieces.

Inventory:

Hand weapons
 a - a +1,+3 hand axe
 d - a +4,+2 dagger of draining
Armour
 b - a +0 ring mail (worn)
Comestibles
 c - 3 bread rations
Scrolls
 e - a scroll of curse weapon (in hand) {unknown}
 f - 2 scrolls of teleportation


   Skills:
 + Level 3.5(3.1) Fighting
 * Level 3.4(3.0) Axes
 - Level 1.3(0.9) Throwing
 + Level 2.0(1.6) Armour
   Level 1.0(0.6) Invocations


You had 2 spell levels left.
You didn't know any spells.

Dungeon Overview and Level Annotations

Branches:
Dungeon (4/16)
 Temple: D:4-7

Altars:
Xom

Annotations:
D:2 Sigmund
D:3 throttle's ghost, average FoMo
D:4 Prince Ribbit


Innate Abilities, Weirdness & Mutations

You have hooves in place of feet.
Armour fits poorly on your strangely shaped body.
You digest meat inefficiently.
You cover ground very quickly.
You have a fast metabolism.
You have extremely tough skin (AC +3).


Message History

Unknown command.
Unknown command.
There is an open door here.
You close the door.
There is a collapsed entrance here.
Read which item? (? for menu, Esc to quit)
Okay, then.
Wield which item (- for none, * to show all)? (? for menu, Esc to quit)
e - a scroll labeled GHUMOR CHINA (in hand)
You swing at nothing.
Something unseen opens the door.
Unknown command.
You swing at nothing.
Really attack while wielding your scroll labeled GHUMOR CHINA?
Unknown command.
A crimson imp comes into view.
Read which item? (? for menu, Esc to quit)
As you read the scroll of teleportation, it crumbles to dust.
You feel strangely unstable.
The crimson imp blinks!
The crimson imp hits you with a whip.
You die...

######..##########.#########...#
...........................)...##
.................................
..............(.........#########
#######..#####..#..###..#
#######..####..###..##..#######
.........ยง....'#.##.............
.............##.5.##...........
.#########....##@##..######..##
.# #.....###..## .# F#
#...#..#..## #
.#########...##...##
.F...F.......######
..................
########.######## #.# # #..


You could see a crimson imp.

Vanquished Creatures
  An adder (D:3)
  An adder skeleton (D:4)
  A ball python (D:4)
  2 bats
  A giant cockroach (D:1)
  2 hobgoblins (D:2)
  4 jackals (D:3)
  5 kobolds
  2 giant newts
  3 goblins
  6 hobgoblin zombies (Ossuary)
  A kobold skeleton (D:4)
  9 kobold zombies (Ossuary)
  5 orc zombies (Ossuary)
  5 rats
48 creatures vanquished.

Notes
Turn   | Place    | Note
--------------------------------------------------------------
     0 | D:1      | 4tharraofdagon, the Centaur Wanderer, began the quest for the Orb.
     0 | D:1      | Reached XP level 1. HP: 19/19 MP: 1/1
   120 | D:2      | Reached XP level 2. HP: 23/26 MP: 2/2
   157 | D:2      | Noticed Sigmund
   260 | D:3      | Noticed throttle's ghost (average FoMo)
   286 | D:3      | Reached XP level 3. HP: 19/31 MP: 3/3
   397 | D:4      | Found a sand-covered staircase.
   402 | Ossuary  | Entered an ossuary
   495 | D:4      | Noticed Prince Ribbit
   561 | D:4      | Found a shimmering altar of Xom.
   568 | D:4      | Noticed a centaur
   575 | D:4      | HP: 1/31 [centaur (1)]
   589 | D:4      | Slain by a crimson imp

Action                   || total
-------------------------++-------
Melee: Hand axe          ||    87
  Use: Potion            ||     3
       Scroll            ||     2
